AoeStats
← venci_zdravkov

Arabia

507979975Analyzed
2v2 RM · 13d ago on Sep 20, 2026· 61m 18s· 4 players
Game mode
Random Map
Map size
Medium (4 player)
Population
200
Speed
Normal
Resources
Standard
Victory
Conquest
Starting age
Dark Age
Ending age
Imperial Age
RankedLock teamsTeams togetherTeam positionsShared explorationLock speedFull tech treeHidden civsTurbo modeCheats
Victory
Defeat
🇫🇷 Turks · France
993
+14
🇹🇷 Vikings · Türkiye
914
+18
🇧🇬 Ethiopians · Bulgaria
1014
-37
🇧🇬 Goths · Bulgaria
894
-14
Kradeca
3:54 Loom
10:12 Feudal Age
10:19 Man-at-Arms
11:00 Double-Bit Axe
10:57 Horse Collar
12:17 Forging
14:51 Scale Mail Armor
20:25 Bloodlines
21:44 Wheelbarrow
25:40 Castle Age
25:20 Scale Barding Armor
25:54 Long Swordsman
25:55 Pikeman
27:44 Heavy Plow
27:55 Bow Saw
27:49 Squires
28:07 Chain Mail Armor
28:29 Husbandry
32:11 Hand Cart
33:31 Gold Mining
34:26 Chain Barding Armor
36:28 Town Watch
40:53 Imperial Age
40:19 Anarchy
41:42 Iron Casting
41:35 Ballistics
42:39 Chemistry
45:54 Blast Furnace
45:48 Elite Huskarl
47:15 Conscription
49:57 Fletching
57:34 Crop Rotation
58:07 Two-Man Saw
venci_zdravkov
0:45 Loom
12:48 Feudal Age
31:25 Castle Age
36:55 Crossbowman
La Berge
11:31 Feudal Age
9:47 Loom
13:03 Horse Collar
14:33 Man-at-Arms
15:58 Forging
24:09 Castle Age
23:26 Fletching
24:59 Bodkin Arrow
24:49 Crossbowman
28:36 Double-Bit Axe
32:49 Iron Casting
33:14 Bloodlines
33:29 Scale Barding Armor
37:06 Wheelbarrow
41:02 Imperial Age
40:11 Ballistics
41:32 Chain Barding Armor
43:58 Plate Barding Armor
43:24 Bracer
47:55 Blast Furnace
53:04 Long Swordsman
53:47 Scale Mail Armor
54:05 Two-Handed Swordsman
58:39 Chain Mail Armor
59:48 Champion
61:06 Conscription
RockNRolla
5:07 Loom
10:57 Feudal Age
13:52 Horse Collar
14:01 Double-Bit Axe
17:35 Scale Barding Armor
26:21 Castle Age
24:29 Stone Mining
24:31 Gold Mining
24:50 Scale Mail Armor
25:11 Man-at-Arms
28:47 Chain Mail Armor
28:42 Forging
28:43 Heavy Plow
30:48 Gold Shaft Mining
32:48 Iron Casting
33:23 Chieftains
35:46 Squires
35:32 Gambesons
35:34 Arson
39:18 Pikeman
40:14 Long Swordsman
42:32 Town Watch
51:51 Imperial Age
49:21 Town Patrol
53:01 Plate Mail Armor
53:32 Blast Furnace
51:56 Two-Handed Swordsman
52:59 Champion
55:25 Cavalier
Connection lost

Rejoining the realm…

Still unreachable

The connection could not be restored.

Session expired

The server has moved on; the page needs a fresh start.